 Dungeon Crawl Stone Soup version 0.23-a0-636-g0ff6057 (console) character file.

1124 bli the Magician (level 8, -2/46 HPs)
             Began as a Gargoyle Fire Elementalist on Dec 28, 2018.
             Was a Believer of Vehumet.
             Slain by an iguana (8 damage)
             ... on level 7 of the Dungeon.
             The game lasted 00:30:11 (5022 turns).

bli the Magician (Gargoyle Fire Elementalist)       Turns: 5022, Time: 00:30:12

Health: -2/46      AC: 11    Str: 13    XL:     8   Next: 35%
Magic:  0/16       EV: 12    Int: 17    God:    Vehumet [**....]
Gold:   215        SH:  0    Dex: 10    Spells: 9/18 levels left

rFire    + . .     SeeInvis .   a - +0 whip
rCold    . . .     Gourm    .   (no shield)
rNeg     + . .     Faith    .   C - +2 robe {rF+}
rPois    ∞         Spirit   .   D - +1 helmet
rElec    +         Reflect  .   (no cloak)
rCorr    .         Harm     +   (no gloves)
MR       .....                  (no boots)
Stlth    ++........             r - amulet of harm
HPRegen  0.15/turn              (no ring)
MPRegen  0.15/turn              (no ring)

@: very slightly contaminated
A: negative energy resistance 1, electricity resistance, unbreathing,
petrification resistance, rot immunity, AC +5
a: Renounce Religion


You were on level 7 of the Dungeon.
You worshipped Vehumet.
Vehumet was pleased with you.
You were hungry.

You visited 1 branch of the dungeon, and saw 6 of its levels.
You also visited: Sewer.

You collected 215 gold pieces.

Inventory:

Hand Weapons
 a - a +0 whip (weapon)
 b - a +0 hunting sling
 g - a +0 club
 n - a +0 mace
 u - a +0 flail
 E - a +2 dagger of venom
Missiles
 e - 155 stones (quivered)
 f - 8 poisoned needles
 h - 51 sling bullets
Armour
 k - a +0 leather armour
 l - a +0 robe
 o - a +1 ring mail of cold resistance
 x - a scarf of spirit shield
 C - a +2 robe of fire resistance (worn)
 D - a +1 helmet (worn)
 F - a +1 robe of magic resistance
Jewellery
 r - an amulet of harm (around neck)
Scrolls
 d - 6 scrolls of identify
 i - 8 scrolls of remove curse {unknown}
 j - 2 scrolls of enchant weapon {unknown}
 m - a scroll of enchant armour {unknown}
 q - a scroll of random uselessness
 y - 6 scrolls of teleportation
 B - a scroll of blinking {unknown}
 I - a scroll of amnesia {unknown}
Potions
 p - a potion of agility {unknown}
 s - a potion of haste
 w - a potion of lignification {unknown}
 z - 3 potions of might
 A - 2 potions of flight {unknown}
 G - a potion of invisibility {unknown}
Comestibles
 c - 12 rations
 H - 4 chunks of flesh


   Skills:
 * Level 3.3 Fighting
 - Level 1.0 Slings
 - Level 2.0 Armour
 - Level 1.5 Dodging
 + Level 2.4 Stealth
 + Level 5.5 Spellcasting
 * Level 4.8 Conjurations
 + Level 5.4 Fire Magic
 + Level 0.2 Poison Magic


You had 9 spell levels left.
You knew the following spells:

 Your Spells              Type           Power        Failure   Level  Hunger
a - Flame Tongue          Conj/Fire      ###..        1%          1    None
b - Sting                 Conj/Pois      ##..         4%          1    None
c - Conjure Flame         Conj/Fire      ###.....     4%          3    ##.....
s - Sticky Flame          Conj/Fire      ###.....     17%         4    ####...

Your spell library contained the following spells:

 Spells                   Type           Power        Failure   Level  Hunger
 Throw Flame              Conj/Fire      ###...       2%          2    #......
 Inner Flame              Hex/Fire       ##......     13%         3    ##.....
 Recall                   Summ/Tloc      N/A          38%         3    ##.....
 Fireball                 Conj/Fire      ###.......   43%         5    ######.
 Animate Dead             Necr           N/A          80%         4    ####...
 Borgnjor's Vile Clutch   Necr/Erth      #.........   98%         5    ######.
 Death Channel            Necr           #.........   100%        6    #######
 Simulacrum               Ice/Necr       #.........   100%        6    #######


Dungeon Overview and Level Annotations

Branches:
Dungeon (5/15)             Temple (0/1) D:5

Altars:
Dithmenos
Gozag
Makhleb
Nemelex Xobeh
Okawaru
Vehumet

Annotations:
D:7 1 transporter, Pikel


Innate Abilities, Weirdness & Mutations

You are resistant to torment.
Your stone body is resilient. (AC +5)
You are immune to poison.
You resist negative energy. (rN+)
You are resistant to electric shocks. (rElec)
You can survive without breathing.
You are immune to petrification.
You are immune to rotting.


Message History

The orc priest is severely wounded.
The orc priest burns!
The slave misses you. The orc closely misses you.
The orc priest hits you but does no damage.
You hit the orc priest.
You kill the orc priest!
Vehumet accepts your kill.
You feel your power returning. The slave hits you.
* * * LOW HITPOINT WARNING * * *
The orc barely misses you.
Casting: Sticky Flame (slightly dangerous; 17% risk of failure)
Confirm with . or Enter, or press ? or * to list all spells.
Aiming: Sticky Flame (slightly dangerous; 17% risk of failure)
Press: ? - help, Shift-Dir - straight line, f - Pikel
Aim: Pikel, wielding a +0 whip of flaming, wearing a +0 robe and carrying a You miscast Sticky Flame.
You are very lightly contaminated with residual magic.
Sparks fly from your hands!
Your surroundings seem slightly different.
The iguana bites you!
You die...

#### #..# #..# ### #..#
#.. #..# #+## #.#
#§o##...## ## #.#
#.p#p....# .###.#
#######pKl......
.....####....###@p......
...............'......(.
.#o######....###........
##.# ......#.# ##.......
##.# #####.#.# #......
##.# #..#. #...©. ...#
..###. ##### #### #.. ##
§§§ #


You could see Pikel, 4 slaves, an iguana and an orc.

Vanquished Creatures
  Sigmund (D:3)
  An ogre (D:4)
  2 scorpions
  4 howler monkeys
  A bullfrog zombie (D:5)
  A hound (D:4)
  4 orc priests
  2 iguanas
  5 orc wizards
  2 worker ants
  A worker ant zombie (D:5)
  3 gnolls (D:2)
  3 adders
  A shadow imp (D:5)
  An adder skeleton (D:4)
  6 worms
  A dart slug (D:2)
  10 leopard geckos
  13 orcs
  9 giant cockroaches
  8 goblins
  8 hobgoblins
  6 jackals
  3 quokkas
  5 ball pythons
  11 bats
  5 frilled lizards
  8 kobolds
  8 rats
133 creatures vanquished.

Notes
Turn   | Place    | Note
-------+----------+-------------------------------------------
     0 | D:1      | bli the Gargoyle Fire Elementalist began the quest for the
                  | Orb.
     0 | D:1      | Reached XP level 1. HP: 10/10 MP: 3/3
   189 | D:1      | Reached XP level 2. HP: 15/15 MP: 0/5
   698 | D:1      | Reached XP level 3. HP: 12/20 MP: 2/7
  1275 | D:2      | Found a burning altar of Makhleb.
  1423 | D:2      | Reached XP level 4. HP: 21/24 MP: 3/8
  1664 | D:2      | Reached XP level 5. HP: 9/28 MP: 1/10
  2171 | D:3      | Reached skill level 1 in Armour
  2183 | D:3      | Reached skill level 1 in Fighting
  2312 | D:3      | Found a radiant altar of Vehumet.
  2312 | D:3      | Found a shadowy altar of Dithmenos.
  2321 | D:3      | Became a worshipper of Vehumet
  2565 | D:3      | Noticed Sigmund
  2573 | D:3      | Learned a level 4 spell: Sticky Flame
  2650 | D:4      | Reached skill level 1 in Slings
  2650 | D:4      | Reached XP level 6. HP: 26/34 MP: 3/11
  2727 | D:4      | Found a glowing drain.
  2731 | Sewer    | Entered a sewer
  3642 | D:4      | Reached * piety under Vehumet
  3642 | D:4      | Offered knowledge of Magic Dart by Vehumet.
  3694 | D:4      | Reached XP level 7. HP: 32/40 MP: 2/13
  3883 | D:4      | Found a sparkling altar of Nemelex Xobeh.
  3999 | D:4      | Learned a level 3 spell: Conjure Flame
  4238 | D:3      | Killed Sigmund
  4238 | D:3      | Reached skill level 5 in Spellcasting
  4390 | D:3      | Offered knowledge of Sting by Vehumet.
  4398 | D:3      | Learned a level 1 spell: Sting
  4433 | D:3      | Reached ** piety under Vehumet
  4542 | D:5      | Entered Level 5 of the Dungeon
  4542 | D:5      | Found a staircase to the Ecumenical Temple.
  4588 | D:5      | Reached XP level 8. HP: 45/45 MP: 12/16
  4745 | D:5      | Reached skill level 5 in Fire Magic
  4772 | D:5      | Found an iron altar of Okawaru.
  4846 | D:5      | Found an opulent altar of Gozag.
  4854 | D:5      | You fall through a shaft for 2 floors!
  4990 | D:7      | HP: 2/46 [orc priest/divine providence (10)]
  5011 | D:7      | Found a transporter.
  5012 | D:7      | Noticed Pikel
  5022 | D:7      | Slain by an iguana

Vault maps used:
D:1:      evilmike_arrival_fibonacci_small
D:2:      lemuel_crystal_altar
D:3:      gammafunk_temple_overflow_statue, first_ration,
          kennysheep_generic_room_13, uniq_sigmund
D:4:      nemelex_altar_shiori, gup_sewer_entry_bowl
D:5:      nicolae_gozag_cash_rules_everything_around_me,
          minmay_temple_entry_gardened_gates, okawaru_trees_1,
          uniq_crazy_yiuf_cottage
D:7:      gammafunk_cloud_chamber, minitemple, xom_redecorated, the_bakery,
          led_sif_book, uniq_menkaure, uniq_pikel
Sewer:    sewer_fruit_machine

Skill      XL: |  1  2  3  4  5  6  7  8 |
---------------+-------------------------+-----
Spellcasting   | 3 4 5 |  5.5
Conjurations   | 2 3 4 |  4.8
Armour         | 1 2 |  2.0
Fighting       | 1 2 3 |  3.3
Slings         | 1 |  1.0
Fire Magic     | 4 5 |  5.4
Dodging        | |  1.5
Stealth        | |  2.4
Poison Magic   | |  0.2

Action                   |  1- 3 |  4- 6 |  7- 9 || total
-------------------------+-------+-------+-------++-------
Melee: Unarmed           |     9 |       |       ||     9
       Club              |    38 |       |       ||    38
       Whip              |    44 |    18 |    27 ||    89
       Mace              |       |    23 |    42 ||    65
 Fire: Hunting sling     |       |    36 |     4 ||    40
Throw: Stone             |       |    14 |     8 ||    22
 Cast: Flame Tongue      |    50 |    96 |    71 ||   217
       Sting             |       |       |    17 ||    17
       Sticky Flame      |       |       |     6 ||     6
  Use: Potion            |       |       |     6 ||     6
       Scroll            |       |       |     3 ||     3
 Stab: Sleeping          |     1 |       |       ||     1
  Eat: Chunk             |     2 |     8 |     4 ||    14
Armor: Robe              |    32 |       |    33 ||    65
       Leather armour    |       |    65 |     4 ||    69
Dodge: Dodged            |    89 |    75 |    75 ||   239

Table legend:
 A = Non-vault XP
 B = Vault XP
 C = Vault XP percentage of total XP
 D = Non-vault monster count
 E = Vault monster count
 F = Vault count percentage of total count
                 A         B        C        D         E       F
            +---------+---------+-------+---------+---------+-------
      Total |    1343 |     264 |  16.4 |     112 |      21 |  15.8
            +---------+---------+-------+---------+---------+-------
        D:1 |      48 |       0 |   0.0 |      28 |       0 |   0.0
        D:2 |     170 |       0 |   0.0 |      24 |       0 |   0.0
        D:3 |     219 |     224 |  50.6 |      27 |       2 |   6.9
        D:4 |     479 |       4 |   0.8 |      20 |       2 |   9.1
        D:5 |     111 |       0 |   0.0 |       7 |       0 |   0.0
        D:7 |     316 |       0 |   0.0 |       6 |       0 |   0.0
      Sewer |       0 |      36 | 100.0 |       0 |      17 | 100.0
            +---------+---------+-------+---------+---------+-------
